 Dungeon Crawl Stone Soup version 0.30-a0-948-g4fa250aae5 (webtiles) character file.

Game seed: 8444958305852882714

16785 Zonian the Grappler (level 12, -3/81 HPs)
             Began as a Tengu Gladiator on Mar 26, 2023.
             Was a Believer of Ashenzari.
             Killed from afar by a fire dragon (54 damage)
             ... with a blast of flame
             ... on level 11 of the Dungeon.
             The game lasted 00:34:56 (15131 turns).

Zonian the Grappler (Tengu Gladiator)              Turns: 15131, Time: 00:34:57

Health: -3/81      AC: 15    Str: 24    XL:     12   Next: 41%
Magic:  13/13      EV: 20    Int: 13    God:    Ashenzari [**....]
Gold:   1135       SH: 10    Dex: 18    Spells: 11/11 levels left

rFire   . . .      SeeInvis +      - Unarmed
rCold   . . .      Faith    .    q - +0 buckler
rNeg    . . .      Spirit   .    H - +4 ring mail "Vyehoi" {Int+3 Dex+2}
rPois   +          Reflect  +    b - +2 hat of the Wild Blue Yonder {Will+, Comp, Melee} (curse)
rElec   +          Rampage  .    (no cloak)
rCorr   .                        (no gloves)
Will    +....                    (boots unavailable)
Stlth   +++                      o - amulet "Tuaski" {Reflect rElec rPois SH+5 Stlth-}
HPRegen 0.33/turn                y - ring of the Shackled Paranoia {Str+6, Comp, Self} (curse)
MPRegen 0.13/turn                I - ring "Overhang to Understand" {AC+4, Evo, Self} (curse)

@: mighty, flying quickly and evasively, quick
A: beak, talons 3, nimble flight
a: Renounce Religion, Shatter the Chains


You were on level 11 of the Dungeon.
You worshipped Ashenzari.
Ashenzari was pleased with you.
You visited 2 branches of the dungeon, and saw 13 of its levels.
You also visited: Sewer and Bailey.

You collected 1224 gold pieces.
You spent 89 gold pieces at shops.

Inventory:

Hand Weapons
 L - the +4 dagger "Wyx Riza" {flame, rF+}
   (You found it on level 8 of the Dungeon)

   rF:        It protects you from fire.
Missiles
 c - 3 throwing nets
 d - a javelin
 k - 50 poisoned darts (quivered)
 x - 15 boomerangs
 B - 11 curare-tipped darts
Armour
 b - the cursed +2 hat of the Wild Blue Yonder (worn) {Will+, Comp, Melee}
   (You took it off Gastronok on level 8 of the Dungeon)

   It has a curse which improves the following skills: Companions: Summonings
   and Necromancy.
   Melee Combat: Short Blades, Long Blades, Axes, Maces & Flails, Polearms,
   Staves and Unarmed Combat.
 i - a +0 hat of willpower
 q - a +0 buckler (worn)
 D - the +1 leather armour of Noughts and Crosses {rElec}
   (You found it on level 6 of the Dungeon)

   rElec:     It insulates you from electricity.
 H - the +4 ring mail "Vyehoi" (worn) {Int+3 Dex+2}
   (You found it on level 7 of the Dungeon)

   Int:       It affects your intelligence (+3).
   Dex:       It affects your dexterity (+2).
 J - a +0 kite shield
Jewellery
 a - a ring of positive energy
 g - an amulet of reflection
 o - the amulet "Tuaski" (around neck) {Reflect rElec rPois SH+5 Stlth-}
   (You found it on level 2 of the Dungeon)

   [amulet of reflection]

   It reflects blocked missile attacks.
   rElec:     It insulates you from electricity.
   rPois:     It protects you from poison.
   SH:        It affects your SH (+5).
   Stlth:     It makes you less stealthy.
 p - a +5 ring of evasion
 y - the cursed ring of the Shackled Paranoia (left hand) {Str+6, Comp, Self}
   (You found it on level 4 of the Dungeon)

   [ring of strength]

   Str:       It affects your strength (+6).
   It has a curse which improves the following skills: Companions: Summonings
   and Necromancy.
   Introspection: Fighting and Spellcasting.
 C - an amulet of regeneration
 E - the amulet of the Empire {RegenMP -Tele rF+ Will+++}
   (You found it on level 6 of the Dungeon)

   [amulet of magic regeneration]

   It increases your rate of magic regeneration.
   rF:        It protects you from fire.
   -Tele:     It prevents most forms of teleportation.
   Will:      It greatly increases your willpower.
 I - the cursed ring "Overhang to Understand" (right hand) {AC+4, Evo, Self}
   (You found it on level 7 of the Dungeon)

   [ring of protection]

   AC:        It affects your AC (+4).
   It has a curse which improves the following skills: Evocations: Evocations.
   Introspection: Fighting and Spellcasting.
 U - a ring of ice
Wands
 F - a wand of charming (15)
 P - a wand of flame (10)
 W - a wand of roots (2)
Scrolls
 t - 5 scrolls of teleportation
 u - a scroll of magic mapping
 w - a scroll of fog
 K - 3 scrolls of amnesia
 M - a scroll of immolation
 O - a scroll of blinking
 R - a scroll of poison
 T - a scroll of torment
Potions
 e - a potion of flight
 f - 2 potions of magic
 h - a potion of lignification
 j - 3 potions of degeneration
 l - 6 potions of curing
 m - 2 potions of might
 n - a potion of cancellation
 r - 3 potions of mutation
 s - 6 potions of heal wounds
 v - 2 potions of ambrosia
 z - 4 potions of haste
 A - 2 potions of invisibility
 V - 3 potions of brilliance
Miscellaneous
 N - a lightning rod (4/4)


   Skills:
 + Level 10.1(11.8) Fighting
 - Level 2.3 Throwing
 + Level 11.2 Dodging
 + Level 10.5 Stealth
 - Level 4.4 Shields
 + Level 11.2(12.3) Unarmed Combat


You had 11 spell levels left.
You didn't know any spells.
Your spell library contained the following spells:

 Spells                   Type           Power      Damage    Failure   Level
 Apportation              Tloc           0%         N/A       54%         1
 Sandblast                Erth           0%         2d4       54%         1
 Lesser Beckoning         Tloc           0%         N/A       67%         2
 Passwall                 Tmut/Erth      0%         N/A       67%         2
 Gell's Gravitas          Tloc           0%         N/A       88%         3
 Kindle Blastsparks       Fire/Tloc/Air  0%         2d10      88%         3
 Spider Form              Tmut/Pois      0%         N/A       88%         3
 Stone Arrow              Conj/Erth      0%         3d7       88%         3
 Teleport Other           Tloc           0%         N/A       88%         3
 Fulminant Prism          Conj/Hex       0%         3d5       99%         4
 Iskenderun's Mystic Bla  Conj/Tloc      0%         2d3       99%         4
 Lee's Rapid Deconstruct  Erth           0%         3d4*      100%        5
 Summon Forest            Summ/Tloc      0%         N/A       100%        5


Dungeon Overview and Level Annotations

Branches:
Dungeon (12/15)            Temple (1/1) D:7             Orc (0/2) D:9
  Sewer (visited)          Bailey (visited)
   Lair: D:8-11

Altars:
Ashenzari
Cheibriados
Gozag
Hepliaklqana
Kikubaaqudgha
Makhleb
Nemelex Xobeh
Okawaru
Qazlal
Ru
Sif Muna
Trog
Uskayaw
Vehumet
Wu Jian
Xom
Yredelemnul
Zin
The Shining One
Lugonu

Shops:
D:5 *   D:12 *

Annotations:
D:5 3 runed translucent doors, zarzak's ghost, amateur GrFi
D:7 2 transporters


Innate Abilities, Weirdness & Mutations

You have a beak for a mouth.
You have claws for feet.
Your magical nature lets you fly swiftly and evasively.


Message History

There is a stone staircase leading up, spattered with blood here.
You fly upwards.
There is a stone staircase leading down here.
There is a stone staircase leading down here.
Things that are here:
a +0 giant spiked club; a +0 giant club You sense a monster nearby.
You feel very mighty all of a sudden. The fire dragon closely misses you.
The fire dragon claws you. You block the fire dragon's attack.
You pummel the fire dragon!!
You peck the fire dragon, but do no damage.
The fire dragon is moderately wounded.
You block the fire dragon's attack. The fire dragon barely misses you.
The fire dragon tramples you but does no damage.
You pummel the fire dragon!! You claw the fire dragon.
You peck the fire dragon, but do no damage.
The fire dragon is heavily wounded.
The fire dragon bites you! You block the fire dragon's attack. x2
You completely miss the fire dragon. You claw the fire dragon!
The fire dragon is severely wounded.
The fire dragon bites you but does no damage.
The fire dragon completely misses you. You block the fire dragon's attack.
You punch the fire dragon!
You peck the fire dragon, but do no damage.
The fire dragon is severely wounded.
The fire dragon bites you but does no damage.
The fire dragon claws you. The fire dragon completely misses you.
You hit the fire dragon. You claw the fire dragon.
The fire dragon is almost dead.
The fire dragon bites you! The fire dragon misses you.
The fire dragon tramples you but does no damage.
You barely miss the fire dragon. You claw the fire dragon!
The fire dragon is almost dead.
You completely miss the fire dragon. Your kick misses the fire dragon.
The fire dragon is almost dead.
The fire dragon breathes flames at you. The blast of flame hits you!!!
Ouch! That really hurt!
You die...

....#.###...##.....~~..# #.#<..<.
......###.##.#.....~~..###.......
...####..#..##.........+.........
...# ########.........####......
...# #########.#.##D..... ...#
################.#......... ####
#................#.##.<....
#################D..####.##......
..>........# #..@........##......
###........###.##....############
# #.......)......#.#.#...........
# #........###.#.#.#.#.........##
# ########## #...#.#.#########.#
# #####.#.......D...# ##
#.############# .# #....# #.####
.# ####.# #.....


You could see a fire dragon (catching breath).

Vanquished Creatures
  Gastronok (D:8)
  A fire dragon (D:12)
  A two-headed ogre (D:11)
  Erica (D:9)
  2 ugly things
  A manticore (D:11)
  A cyclops (D:12)
  A komodo dragon (D:12)
  A freezing wraith (D:12)
  2 trolls
  Grinder (D:5)
  A hornet (D:10)
  8 slime creatures (D:12)
  20 yaks
  3 wraiths
  2 steam dragons
  6 vampire mosquitoes (D:12)
  A basilisk (D:11)
  4 acid dragons
  2 water moccasins (D:5)
  12 orc warriors
  A black bear (D:7)
  An ogre (D:5)
  2 centaurs
  A phantom (D:5)
  12 kobold brigands
  3 bullfrogs
  A gnoll sergeant (D:7)
  A scorpion (D:5)
  4 wights (D:8)
  9 killer bees (D:9)
  A howler monkey (D:5)
  2 vampire bats (D:5)
  A jelly (D:4)
  A hound (D:7)
  7 orc priests
  Jessica (D:3)
  Terence (D:3)
  4 iguanas
  17 orc wizards
  4 gnolls (D:7)
  6 adders
  2 white imps
  4 worms
  3 dart slugs
  44 orcs
  2 bats
  3 bat skeletons (D:5)
  4 bat zombies (D:5)
  5 endoplasms
  7 giant cockroaches
  8 goblins
  6 hobgoblins
  2 quokkas
  9 ball pythons
  A frilled lizard (D:3)
  29 kobolds
  6 rats
287 creatures vanquished.

Notes
Turn   | Place    | Note
-------+----------+-------------------------------------------
     0 | D:1      | Zonian the Tengu Gladiator began the quest for the Orb.
     0 | D:1      | Reached XP level 1. HP: 12/12 MP: 2/2
     2 | D:1      | Got Tuesagui's Book of the Map
    76 | D:1      | Reached XP level 2. HP: 17/17 MP: 3/3
   668 | D:2      | Identified the amulet "Tuaski" {Reflect rElec rPois SH+5
                  | Stlth-}
   724 | D:2      | Reached XP level 3. HP: 22/22 MP: 4/4
   866 | D:2      | Identified the +2 scale mail "Tukoafet" {Rampage Regen+
                  | Int-4 Slay+6}
  1294 | D:3      | Reached XP level 4. HP: 27/27 MP: 5/5
  1385 | D:3      | Noticed Terence
  1392 | D:3      | Killed Terence
  1608 | D:3      | Reached skill level 1 in Stealth
  1621 | D:3      | Reached skill level 1 in Shields
  1621 | D:3      | Gained mutation: Your magical nature lets you fly swiftly
                  | and evasively. [Tengu growth]
  1621 | D:3      | Reached XP level 5. HP: 24/32 MP: 6/6
  1644 | D:3      | Identified a scroll of acquirement
  1644 | D:3      | Acquired a +0 hat of willpower
  1934 | D:3      | Noticed Jessica
  1937 | D:3      | Killed Jessica
  2208 | D:4      | Found a glowing drain.
  2238 | Sewer    | Entered a sewer
  2294 | Sewer    | Noticed a kobold brigand
  2301 | Sewer    | Killed a kobold brigand
  2302 | Sewer    | Reached XP level 6. HP: 27/37 MP: 7/7
  2728 | D:4      | Reached XP level 7. HP: 32/42 MP: 8/8
  3060 | D:5      | Entered Level 5 of the Dungeon
  3663 | D:5      | Reached skill level 5 in Unarmed Combat
  3686 | D:5      | Found a burning altar of Makhleb.
  3688 | D:5      | Noticed Grinder
  3694 | D:5      | Paralysed by Grinder for 2 turns
  3704 | D:5      | Killed Grinder
  3705 | D:5      | Reached skill level 5 in Dodging
  3844 | D:5      | Found an ancient bone altar of Kikubaaqudgha.
  3957 | D:5      | Reached XP level 8. HP: 46/48 MP: 9/9
  4081 | D:5      | Found Cyzim's Serpentskin Sales.
  4119 | D:5      | Bought 2 curare-tipped darts for 24 gold pieces
  4458 | D:5      | Found a runed translucent gate.
  4458 | D:5      | Found a runed translucent gate.
  4458 | D:5      | Found a runed translucent gate.
  4463 | D:5      | Noticed zarzak's ghost (amateur GrFi)
  4599 | D:6      | Reached skill level 5 in Fighting
  4607 | D:6      | Found a shimmering altar of Xom.
  4712 | D:6      | Identified the +1 leather armour of Noughts and Crosses
                  | {rElec}
  4719 | D:6      | Identified the amulet of the Empire {RegenMP -Tele rF+
                  | Will+++}
  4837 | D:6      | You are sucked into a shaft and drop 1 floor!
  4913 | D:7      | Found a sacrificial altar of Ru.
  5050 | D:7      | Reached XP level 9. HP: 43/54 MP: 10/10
  5054 | D:7      | Reached skill level 5 in Stealth
  5288 | D:7      | Found a transporter.
  5290 | D:7      | Noticed an ancient zyme
  5291 | D:7      | Noticed a white ugly thing
  5292 | D:7      | Found a corrupted altar of Lugonu.
  5294 | D:7      | Noticed a brown ugly thing
  5442 | D:7      | Found a staircase to the Ecumenical Temple.
  5457 | Temple   | Entered the Ecumenical Temple
  5475 | Temple   | Became a worshipper of Ashenzari the Shackled
  5865 | D:7      | Identified the +4 ring mail "Vyehoi" {Int+3 Dex+2}
  6260 | D:7      | Found a transporter.
  6263 | D:7      | Noticed a white ugly thing
  6488 | D:8      | Identified the +4 dagger "Wyx Riza" {flame, rF+}
  6692 | D:8      | Noticed Gastronok
  6733 | D:8      | Found a flagged portal.
  6744 | Bailey   | Entered a bailey
  7080 | Bailey   | Identified the +4 hand axe of the Lame Duck {venom, rF+
                  | Will+ Str+2}
  7092 | Bailey   | Found a burning altar of Makhleb.
  7586 | D:8      | Identified the +4 falchion of Fee Simple {flame, rC+ Str+2}
  7654 | D:8      | Reached XP level 10. HP: 48/63 MP: 11/11
  7859 | D:9      | Found a staircase to the Orcish Mines.
  8142 | D:9      | Identified the +5 hand axe of the Six Ears {freeze, rPois
                  | Str-5 Dex+2}
  8920 | D:9      | Noticed Erica
  8938 | D:9      | Killed Erica
  9351 | D:9      | Found a glowing silver altar of Zin.
  9385 | D:10     | Entered Level 10 of the Dungeon
  9459 | D:10     | Identified the +6 arbalest of the Eight Prophets {drain,
                  | rPois rN++ Str+4 Dex-2}
  9563 | D:10     | Reached XP level 11. HP: 57/69 MP: 12/12
 10504 | D:11     | Got the Almanac of Alteration and Orientation
 10585 | D:11     | Noticed a two-headed ogre
 10617 | D:11     | Reached * piety under Ashenzari
 10703 | D:11     | Killed a two-headed ogre
 10783 | D:11     | Noticed a manticore
 10791 | D:11     | Killed a manticore
 10792 | D:11     | Reached skill level 10 in Unarmed Combat
 11245 | D:11     | Noticed a fire dragon
 11397 | D:11     | Reached skill level 10 in Dodging
 11430 | D:11     | Noticed a white ugly thing
 11529 | D:11     | Killed a white ugly thing
 12022 | D:8      | Killed Gastronok
 13379 | D:12     | Found Vufom's General Store.
 13388 | D:12     | Bought a potion of heal wounds for 65 gold pieces
 13929 | D:12     | Reached XP level 12. HP: 63/79 MP: 13/13
 13934 | D:12     | Reached skill level 10 in Stealth
 14487 | D:12     | Reached ** piety under Ashenzari
 14502 | D:12     | Identified the -1 pair of gloves of Pokkoan {+Inv Dex+5}
 14834 | D:12     | Found a shimmering altar of Xom.
 14834 | D:12     | Found a hide-covered altar of Uskayaw.
 14835 | D:12     | Found a shimmering altar of Xom.
 14835 | D:12     | Found an opulent altar of Gozag.
 14890 | D:12     | Noticed a fire dragon
 14890 | D:12     | Noticed a deep elf knight
 14909 | D:12     | Reached skill level 10 in Fighting
 14920 | D:12     | Killed a fire dragon
 15131 | D:11     | Killed from afar by a fire dragon

Illustrated notes

Levels and vault maps discovered:
D:1:      co_arrival_square_in_a_square_in_a_square, layout_loops_cross
D:2:      layout_basic
D:3:      layout_basic, uniq_terence, uniq_jessica
D:4:      layout_basic, cheibrodos_sewer_entry_drain
D:5:      layout_rooms, kennysheep_vampire_church, lemuel_round_altar,
          ebering_ghost_rock_garden, guppyfry_shop_venom, uniq_grinder
D:6:      layout_gridville, mainiacjoe_overflow_alcove_2,
          grunt_temple_overflow_cloverleaf, ebering_ghost_xom,
          hangedman_decor_clover_reticule
D:7:      gammafunk_corrupted_shrine, layout_loops_corners,
          general_overflow_altar, minmay_temple_entry_waves
D:8:      layout_cave_pools, enter_bailey_3, nzn_life_drinkers, uniq_gastronok
D:9:      layout_loops_ring, zin_statuary, david_orc_5, uniq_erica
D:10:     minmay_flawed_box, layout_cave_pools, hangedman_abyss_or_decor_clamps
D:11:     minmay_cornered_nines, layout_basic, dpeg_oklobed_lair
D:12:     minmay_the_grid_octo_tiled_squarecenter [minmay_the_grid_octo_shrine,
          minmay_the_grid_octo_checkered, minmay_the_grid_octo_teeth,
          minmay_the_grid_octo_fan_narrow,
          minmay_the_grid_square_5x5_megaprize_diamond,
          minmay_the_grid_square_5x5_percent, minmay_the_grid_square_5x5_bite,
          minmay_the_grid_square_5x5_two, minmay_the_grid_square_5x5_empty],
          layout_basic, serial_shops, shop
Temple:   cyrus_circular_temple

Skill      XL: |  1  2  3  4  5  6  7  8  9 10 11 12 |
---------------+-------------------------------------+-----
Dodging        | 4 5 6 7 9 10 11 | 11.2
Unarmed Combat | 4 5 6 7 9 10 11 | 11.2
Stealth        | 1 2 3 4 6 8 9 10 | 10.5
Fighting       | 3 4 5 6 8 9 10 | 10.1
Shields        | 1 2 3 4 |  4.4
Throwing       | |  2.3

Action                     |  1- 3 |  4- 6 |  7- 9 | 10-12 || total
---------------------------+-------+-------+-------+-------++-------
  Melee: Unarmed           |    66 |   137 |   382 |   517 ||  1102
         Kick              |    24 |    31 |   110 |   183 ||   348
         Peck              |    10 |    20 |    58 |   134 ||   222
         Punch             |     1 |       |       |       ||     1
  Throw: Dart              |       |     3 |       |    72 ||    75
         Throwing net      |       |       |     3 |       ||     3
 Invoke: Curse Item        |       |       |     1 |     2 ||     3
  Evoke: Lightning rod     |       |       |       |     4 ||     4
         Wand              |       |       |       |     1 ||     1
    Use: Scroll            |       |     7 |     7 |     5 ||    19
         Potion            |       |       |       |     3 ||     3
   Stab: Sleeping          |       |       |     1 |     4 ||     5
 Armour: Leather armour    |    14 |    15 |    14 |       ||    43
         Ring mail         |       |       |    14 |    98 ||   112
  Dodge: Dodged            |    38 |    56 |   236 |   246 ||   576
  Block: Other             |     4 |       |       |       ||     4
         Buckler           |     3 |    56 |   167 |   198 ||   424
         Reflection        |       |     5 |     6 |     6 ||    17

Table legend: (Time is in decaauts)
 A = Elapsed time spent in this place.
 B = Non-inter-level travel time spent in this place.
 C = Inter-level travel time spent in this place.
 D = Time resting spent in this place.
 E = Time spent auto-exploring this place.
 F = Levels seen in this place.
 G = Mean time per level.
                   A        B        C        D        E       F      G
               +--------+--------+--------+--------+--------+-----+--------+
         Total |  14419 |  13823 |    596 |   4986 |   5173 |  15 |  961.3 |
       Dungeon |  13639 |  13058 |    581 |   4696 |   5020 |  12 | 1136.6 |
        Temple |     54 |     40 |     14 |      0 |     23 |   1 |   54.0 |
         Sewer |    339 |    339 |      0 |    125 |     92 |   1 |  339.0 |
        Bailey |    386 |    386 |      0 |    164 |     37 |   1 |  386.0 |
               +--------+--------+--------+--------+--------+-----+--------+

Top non-repeatable levels by time:
    D:11: 2180 daAuts
     D:7: 1713 daAuts
     D:9: 1702 daAuts
    D:12: 1468 daAuts
    D:10: 1315 daAuts
     D:4: 1165 daAuts
     D:8: 964 daAuts
     D:5: 849 daAuts
     D:3: 756 daAuts
     D:1: 654 daAuts
     D:2: 563 daAuts
  Bailey: 386 daAuts
   Sewer: 339 daAuts
     D:6: 304 daAuts
  Temple: 54 daAuts
